 Dungeon Crawl Stone Soup version 0.28-a0-881-gae16bb6c82 (webtiles) character file.

Game seed: 3893077366806988179

14732 Froggeryz the Fighter (level 12, -4/84 HPs)
             Began as a Gargoyle Enchanter on Nov 21, 2021.
             Was a High Priest of Okawaru.
             Slain by a five-headed hydra (9 damage)
             ... in the Arena.
             The game lasted 00:15:53 (12501 turns).

Froggeryz the Fighter (Gargoyle Enchanter)         Turns: 12501, Time: 00:15:54

Health: -4/84      AC: 30    Str: 16    XL:     12   Next: 19%
Magic:  12/18      EV:  6    Int: 19    God:    Okawaru [*****.]
Gold:   753        SH:  0    Dex: 16    Spells: 15/15 levels left

rFire   + . .      SeeInvis +   p - +2 whip (elec)
rCold   + . .      Faith    +   (no shield)
rNeg    + . .      Spirit   .   e - +0 gold dragon scales "Qochahui" {-Tele rPois rF+ rC+ Int+2 Slay+6 SInv}
rPois   ∞          Reflect  .   x - +0 helmet
rElec   +          Harm     .   y - +0 cloak {rPois}
rCorr   .          Rampage  .   (no gloves)
Will    .....      NoTele   +   u - +2 pair of boots
Stlth   ..........              q - amulet of faith
HPRegen 0.24/turn               w - +6 ring of dexterity
MPRegen 0.16/turn               t - +4 ring of evasion

@: slowed, studying Fighting, duelling, very slow
A: sickness immunity, AC +8, negative energy resistance 1, electricity
resistance, torment resistance 1, petrification resistance
a: Renounce Religion, Heroism, Finesse, Duel


You were in the Arena.
You worshipped Okawaru.
Okawaru was extremely pleased with you.
You visited 2 branches of the dungeon, and saw 12 of its levels.
You also visited: Sewer and Bailey.

You collected 753 gold pieces.

Inventory:

Hand Weapons
 g - a +4 dagger of venom
 m - a +0 flail of protection
 p - a +2 whip of electrocution (weapon)
Missiles
 f - 87 poisoned darts (quivered)
 H - 4 javelins
Armour
 e - the +0 gold dragon scales "Qochahui" (worn) {-Tele rPois rF+ rC+ Int+2 Slay+6 SInv}
   (You found it in a bailey)

   Int:       It affects your intelligence (+2).
   Slay:      It affects your accuracy & damage with ranged weapons and melee
   (+6).
   rF:        It protects you from fire.
   rC:        It protects you from cold.
   rPois:     It protects you from poison.
   SInv:      It lets you see invisible.
   -Tele:     It prevents most forms of teleportation.
 u - a +2 pair of boots (worn)
 x - a +0 helmet (worn)
 y - a +0 cloak of poison resistance (worn)
Jewellery
 l - a +4 ring of slaying
 q - an amulet of faith (around neck)
 t - a +4 ring of evasion (right hand)
 w - a +6 ring of dexterity (left hand)
 I - an amulet of regeneration
 K - an amulet of the acrobat
Wands
 n - a wand of paralysis (16)
 A - a wand of digging (4)
 C - a wand of flame (25)
Scrolls
 c - a scroll of brand weapon
 h - 2 scrolls of blinking
 o - 3 scrolls of holy word
 D - 2 scrolls of fog
 F - a scroll of identify
 G - a scroll of magic mapping
 J - a scroll of acquirement {unknown}
 L - a scroll of fear {unknown}
 M - a scroll of enchant armour {unknown}
Potions
 a - 3 potions of degeneration {unknown}
 b - 3 potions of attraction {unknown}
 d - 3 potions of brilliance
 i - 3 potions of haste {unknown}
 j - 3 potions of heal wounds {unknown}
 k - 2 potions of magic
 r - a potion of might
 s - a potion of mutation {unknown}
 v - 3 potions of flight {unknown}
 z - 2 potions of curing {unknown}
 B - a potion of cancellation {unknown}
 E - a potion of berserk rage {unknown}


   Skills:
 + Level 13.9 Fighting
 - Level 0.8 Short Blades
 - Level 12.0 Maces & Flails
 - Level 5.0 Throwing
 + Level 7.5 Armour
 - Level 1.5 Dodging
 - Level 3.2 Stealth
 - Level 2.0 Spellcasting
 - Level 2.6 Hexes
 - Level 8.1 Invocations


You had 15 spell levels left.
You didn't know any spells.
Your spell library contained the following spells:

 Spells                   Type           Power      Damage    Failure   Level
 Ensorcelled Hibernation  Hex/Ice        14%        N/A       100%        2
 Confusing Touch          Hex            12%        N/A       100%        3
 Dazzling Flash           Conj/Hex       14%        N/A       100%        3
 Portal Projectile        Hex/Tloc       14%        N/A       100%        3
 Stone Arrow              Conj/Erth      2%         3d7       100%        3
 Leda's Liquefaction      Hex/Erth       3%         N/A       100%        4
 Petrify                  Tmut/Erth      1%         N/A       100%        4
 Iskenderun's Battlesphe  Conj           1%         2d6       100%        5
 Metabolic Englaciation   Hex/Ice        3%         N/A       100%        5
 Lehudib's Crystal Spear  Conj/Erth      0%         10d2      100%        8
 Call Canine Familiar     Summ           Unusable   N/A       N/A         3
 Tukima's Dance           Hex            Unusable   N/A       N/A         3
 Statue Form              Tmut/Erth      Unusable   N/A       N/A         6

Dungeon Overview and Level Annotations

Branches:
Dungeon (11/15)            Temple (1/1) D:6             Orc (0/2) D:9
  Sewer (visited)          Bailey (visited)
   Lair: D:8-11

Altars:
Cheibriados
Dithmenos
Elyvilon
Fedhas
Hepliaklqana
Nemelex Xobeh
Okawaru
Qazlal
Ru
Sif Muna
Trog
Uskayaw
Vehumet
Wu Jian
Xom
Yredelemnul
Zin
The Shining One
Beogh

Shops:
D:7 *   D:9 (

Portals:
Abyss: D:3

Annotations:
D:3 2 transporters, AvatarAndi78's ghost, amateur TrBe


Innate Abilities, Weirdness & Mutations

You are immune to sickness and miasma.
Your stone body is resilient. (AC +8)
You are immune to poison.
You resist negative energy. (rN+)
You are resistant to electric shocks. (rElec)
You are resistant to unholy torment.
You are immune to petrification.


Message History

The five-headed hydra is lightly wounded.
You whack the five-headed hydra!
The five-headed hydra is moderately wounded.
The five-headed hydra barely misses you.
The five-headed hydra bites you but does no damage.
The five-headed hydra closely misses you.
The five-headed hydra bites you.
The five-headed hydra barely misses you.
You hit the five-headed hydra.
Lightning courses through the five-headed hydra!!
The five-headed hydra is heavily wounded.
The five-headed hydra bites you.
The five-headed hydra bites you but does no damage.
The five-headed hydra bites you! x2
* * * LOW HITPOINT WARNING * * *
The five-headed hydra completely misses you.
Okay, then.
You hit the five-headed hydra.
The five-headed hydra is severely wounded.
The five-headed hydra barely misses you.
The five-headed hydra bites you but does no damage. x3
The five-headed hydra bites you!
* * * LOW HITPOINT WARNING * * *
You hit the five-headed hydra.
Lightning courses through the five-headed hydra!
The five-headed hydra is severely wounded.
You whack the five-headed hydra!
The five-headed hydra is almost dead.
The five-headed hydra bites you but does no damage.
The five-headed hydra bites you.
* * * LOW HITPOINT WARNING * * *
The five-headed hydra bites you but does no damage. x3
You hit the five-headed hydra.
The five-headed hydra is almost dead.
The five-headed hydra bites you but does no damage. x2
The five-headed hydra completely misses you.
The five-headed hydra bites you but does no damage.
The five-headed hydra bites you!
You die...
Okawaru crowns the five-headed hydra victorious!

###########
#...pppp..#
#.▓▓▓▓▓▓▓.#
#p▓.....▓.#
#p▓.....▓p#
#p▓..@..▓p#
#p▓...D.▓p#
#p▓.....▓.#
#.▓▓▓▓▓▓▓p#
#..p▓∩▓p..#
###########


You could see a five-headed hydra.

Vanquished Creatures
  3 two-headed ogres
  2 orc knights (Bailey)
  Pikel (D:4)
  A deep elf pyromancer (D:11)
  Maurice (D:8)
  Maggie (D:7)
  2 kobold demonologists (D:8)
  An efreet (D:11)
  2 trolls (D:11)
  Grinder (D:5)
  3 slime creatures
  Sigmund (D:5)
  A shadow (D:8)
  A vampire (D:9)
  A wraith (D:10)
  Grum (D:11)
  11 yaks
  A vampire mosquito (D:11)
  An acid dragon (D:5)
  Edmund (D:4)
  A water moccasin (D:6)
  6 orc warriors
  2 ice beasts
  2 sky beasts
  Pargi (Sewer)
  A boggart (D:11)
  An ogre (D:6)
  2 necrophages (D:7)
  4 wolves (D:11)
  7 centaurs
  A lemure (D:4)
  2 phantoms (D:6)
  Blork the orc (D:5)
  3 kobold brigands
  3 bullfrogs
  2 gnoll sergeants (D:8)
  3 scorpions
  A wyvern zombie (D:8)
  16 wights
  4 killer bees (D:8)
  3 howler monkeys
  A bullfrog zombie (D:5)
  6 centaur zombies
  7 orc priests
  3 hounds
  A bullfrog skeleton (D:5)
  2 jellies
  An iguana (D:7)
  Natasha (thrice) (D:3)
  5 orc wizards
  A killer bee zombie (D:8)
  2 hound skeletons (D:4)
  2 howler monkey zombies (D:11)
  4 adders
  14 gnolls
  A howler monkey skeleton (D:7)
  4 white imps (D:7)
  A worm (D:2)
  4 dart slugs
  53 orcs
  10 ball pythons
  6 bats
  7 endoplasms
  6 giant cockroaches
  9 goblins
  5 hobgoblins
  2 jackals (Sewer)
  6 quokkas
  2 frilled lizards
  11 kobolds
  3 rats
285 creatures vanquished.

Vanquished Creatures (others)
  9 plants
9 creatures vanquished.

Grand Total: 294 creatures vanquished

Notes
Turn   | Place    | Note
-------+----------+-------------------------------------------
     0 | D:1      | Froggeryz the Gargoyle Enchanter began the quest for the
                  | Orb.
     0 | D:1      | Reached XP level 1. HP: 10/10 MP: 3/3
   123 | D:1      | Reached skill level 1 in Fighting
   346 | D:1      | Found a faded altar of an unknown god.
   379 | D:1      | Reached XP level 2. HP: 14/16 MP: 5/5
  1462 | D:2      | Reached skill level 1 in Maces & Flails
  1548 | D:2      | Reached skill level 1 in Armour
  1548 | D:2      | Reached XP level 3. HP: 7/20 MP: 6/6
  2206 | D:2      | Found a shimmering altar of Xom.
  2488 | D:3      | Reached XP level 4. HP: 17/25 MP: 7/7
  2554 | D:3      | Found a glowing drain.
  2583 | Sewer    | Entered a sewer
  2721 | Sewer    | Noticed Pargi
  2735 | Sewer    | Killed Pargi
  2736 | Sewer    | Reached XP level 5. HP: 12/29 MP: 8/8
  3026 | D:3      | Found a transporter.
  3026 | D:3      | Found a transporter.
  3027 | D:3      | Found a one-way gate to the infinite horrors of the Abyss.
  3027 | D:3      | Noticed AvatarAndi78's ghost (amateur TrBe)
  3030 | D:3      | Noticed a toenail golem
  3043 | D:3      | Noticed a small abomination
  3401 | D:3      | Noticed Natasha
  3413 | D:3      | Killed Natasha
  3414 | D:3      | Reached XP level 6. HP: 34/34 MP: 9/9
  3531 | D:3      | Noticed a small abomination
  3619 | D:3      | Noticed Natasha
  3628 | D:3      | Killed Natasha
  3690 | D:3      | Noticed Natasha
  3696 | D:3      | Killed Natasha
  3893 | D:4      | Noticed Pikel
  3942 | D:4      | Killed Pikel
  3943 | D:4      | Reached XP level 7. HP: 31/38 MP: 10/10
  3949 | D:4      | Reached skill level 5 in Armour
  3989 | D:4      | Reached XP level 8. HP: 43/43 MP: 11/11
  4352 | D:4      | Noticed Edmund
  4373 | D:4      | Killed Edmund
  4374 | D:4      | Reached skill level 1 in Throwing
  4562 | D:5      | Entered Level 5 of the Dungeon
  4566 | D:5      | Noticed Grinder
  4570 | D:5      | Paralysed by Grinder for 4 turns
  4580 | D:5      | Paralysed by Grinder for 5 turns
  4618 | D:5      | Paralysed by Grinder for 7 turns
  4630 | D:5      | Killed Grinder
  4976 | D:5      | Reached XP level 9. HP: 43/47 MP: 12/12
  5034 | D:5      | Noticed Blork the orc
  5049 | D:5      | Killed Blork the orc
  5321 | D:5      | Noticed Sigmund
  5341 | D:5      | Killed Sigmund
  5619 | D:6      | Found a glowing silver altar of Zin.
  5759 | D:6      | Found a staircase to the Ecumenical Temple.
  5818 | Temple   | Entered the Ecumenical Temple
  5906 | Temple   | Became a worshipper of Warmaster Okawaru
  6027 | D:6      | Reached skill level 10 in Maces & Flails
  6229 | D:7      | Reached skill level 5 in Throwing
  6237 | D:7      | Found a flagged portal.
  6248 | Bailey   | Entered a bailey
  6354 | Bailey   | Noticed an orc knight
  6354 | Bailey   | Noticed an orc knight
  6383 | Bailey   | Reached * piety under Okawaru
  6384 | Bailey   | Reached skill level 2 in Fighting
  6403 | Bailey   | Killed an orc knight
  6404 | Bailey   | Reached skill level 3 in Fighting
  6404 | Bailey   | Reached XP level 10. HP: 56/56 MP: 13/13
  6407 | Bailey   | Killed an orc knight
  6407 | Bailey   | Reached ** piety under Okawaru
  6437 | Bailey   | Identified the +0 gold dragon scales "Qochahui" {-Tele
                  | rPois rF+ rC+ Int+2 Slay+6 SInv}
  6480 | Bailey   | Reached skill level 4 in Fighting
  6947 | D:7      | Found a bloodstained altar of Trog.
  7328 | D:7      | Reached skill level 5 in Fighting
  7328 | D:7      | Reached skill level 1 in Invocations
  7424 | D:7      | Found Tegef's General Store.
  7486 | D:7      | Found a hazy altar of Hepliaklqana.
  7590 | D:7      | Noticed Maggie
  7600 | D:7      | Killed Maggie
  7600 | D:7      | Reached *** piety under Okawaru
  8146 | D:8      | Reached skill level 6 in Fighting
  8533 | D:8      | Noticed Maurice
  8536 | D:8      | Noticed a kobold demonologist
  8538 | D:8      | Noticed a kobold demonologist
  8546 | D:8      | Killed Maurice
  8546 | D:8      | Reached **** piety under Okawaru
  8547 | D:8      | Reached skill level 7 in Fighting
  8565 | D:8      | Killed a kobold demonologist
  8575 | D:8      | Noticed a sun demon
  8646 | D:8      | Killed a kobold demonologist
  8647 | D:8      | Reached skill level 8 in Fighting
  8647 | D:8      | Reached skill level 5 in Invocations
  8647 | D:8      | Reached XP level 11. HP: 44/68 MP: 14/14
  9481 | D:9      | Reached skill level 9 in Fighting
  9767 | D:9      | Noticed a two-headed ogre
  9776 | D:9      | Killed a two-headed ogre
  9776 | D:9      | Reached ***** piety under Okawaru
  9776 | D:9      | Received a gift from Okawaru
  9922 | D:9      | Found a staircase to the Orcish Mines.
 10228 | D:9      | Reached skill level 10 in Fighting
 10932 | D:9      | Found Paiggosk's Antique Weapon Emporium.
 11066 | D:10     | Entered Level 10 of the Dungeon
 11193 | D:10     | Reached skill level 11 in Fighting
 11375 | D:10     | Noticed a two-headed ogre
 11383 | D:10     | Killed a two-headed ogre
 11826 | D:10     | Reached skill level 12 in Fighting
 12040 | D:11     | Noticed a two-headed ogre
 12059 | D:10     | Killed a two-headed ogre
 12059 | D:10     | Reached ****** piety under Okawaru
 12059 | D:10     | Received a gift from Okawaru
 12137 | D:11     | Noticed Grum
 12153 | D:11     | Killed Grum
 12331 | D:11     | Reached skill level 13 in Fighting
 12331 | D:11     | Reached XP level 12. HP: 84/84 MP: 18/18
 12453 | D:11     | Noticed a two-headed ogre
 12475 | D:11     | Identified the +5 longbow of Fiyb {freeze, rPois rF+ Int-3
                  | Dex+7} (Okawaru gifted it to you on level 11 of the
                  | Dungeon)
 12475 | D:11     | Received a gift from Okawaru
 12478 | D:11     | Got the Grimoire of Earthen Confrontation
 12487 | D:11     | Noticed a two-headed ogre
 12487 | D:11     | Noticed a five-headed hydra
 12494 | Arena    | Entered the Arena
 12501 | Arena    | Slain by a five-headed hydra

Illustrated notes

Levels and vault maps discovered:
D:1:      eino_arrival_water_star, layout_loops_ring, basic_ecumenical_altar,
          serial_rivers, chequers_serial_rivers_micro_e,
          chequers_serial_rivers_large_b, chequers_serial_rivers_room_b,
          chequers_serial_rivers_small_3, chequers_serial_rivers_micro_d
D:2:      layout_basic, basic_altar, kennysheep_decorative_pillar
D:3:      minmay_angry_zag, layout_loops_ring, gammafunk_ghost_abyssal_escape,
          gup_sewer_entry_pipe, serial_forest, infiniplex_forest_lined_room_3,
          infiniplex_forest_clump_tiny, infiniplex_forest_clump_cross,
          infiniplex_forest_clump_curved, infiniplex_forest_clump_medium,
          infiniplex_forest_lined_room_, infiniplex_forest_clump_small,
          infiniplex_forest_lined_room_3, infiniplex_forest_straight_1,
          infiniplex_forest_zigzag_1, uniq_natasha
D:4:      layout_basic, hangedman_abyss_or_decor_stabs, uniq_edmund, uniq_pikel
D:5:      layout_basic, uniq_grinder, uniq_sigmund, uniq_blork_the_orc
D:6:      layout_rooms, mainiacjoe_overflow_tiny_flanked,
          minmay_temple_entry_enclosed_plants
D:7:      layout_rooms, mainiacjoe_overflow_boulevard,
          mainiacjoe_overflow_alcove_1, serial_shops, nicolae_shop_stone,
          enter_bailey_3, minmay_crystal_room, minmay_increasing_density,
          uniq_maggie
D:8:      layout_basic, minmay_fractal_squares_diagonal_5, uniq_maurice
D:9:      layout_gridville, david_orc_5, serial_shops, kennysheep_mini
D:10:     layout_long_grid
D:11:     minmay_the_grid_net [minmay_the_grid_pillar_ring,
          minmay_the_grid_spikes, minmay_the_grid_broken_lines,
          minmay_the_grid_garden, minmay_the_grid_minigrid_large,
          minmay_the_grid_prize_four_corners_diamond_a], layout_gridville,
          lair_entry_dummy, uniq_grum, uniq_psyche, uniq_urug, uniq_gastronok
Temple:   mainiacjoe_temple_bowtie_tessellation
Arena

Skill      XL: |  1  2  3  4  5  6  7  8  9 10 11 12 |
---------------+-------------------------------------+-----
Fighting       | 1 3 8 13 | 13.9
Maces & Flails | 1 2 3 4 6 8 11 12 | 12.0
Armour         | 1 2 3 4 5 6 7 |  7.5
Throwing       | 3 5 |  5.0
Invocations    | 5 8 |  8.1
Short Blades   | |  0.8
Dodging        | |  1.5
Stealth        | |  3.2
Spellcasting   | |  2.0
Hexes          | |  2.6

Action                   |  1- 3 |  4- 6 |  7- 9 | 10-12 || total
-------------------------+-------+-------+-------+-------++-------
Melee: Dagger            |    55 |   138 |    62 |       ||   255
       Mace              |    47 |       |       |       ||    47
       Whip              |       |       |   291 |   602 ||   893
Throw: Dart              |     8 |       |    33 |     4 ||    45
Invok: Duel              |       |       |       |     1 ||     1
Evoke: Wand              |       |       |       |     1 ||     1
  Use: Scroll            |     3 |     1 |     3 |     6 ||    13
       Potion            |       |       |     1 |       ||     1
 Stab: Sleeping          |     3 |     2 |     3 |       ||     8
       Invisible         |       |       |     8 |       ||     8
       Paralysed         |       |       |       |     5 ||     5
Armor: Robe              |    39 |       |       |       ||    39
       Leather armour    |     5 |    20 |       |       ||    25
       Troll leather arm |       |    38 |   107 |       ||   145
       Gold dragon scale |       |       |       |   375 ||   375
Dodge: Dodged            |    92 |    74 |   199 |   123 ||   488

Table legend: (Time is in decaauts)
 A = Elapsed time spent in this place.
 B = Non-inter-level travel time spent in this place.
 C = Inter-level travel time spent in this place.
 D = Time resting spent in this place.
 E = Time spent auto-exploring this place.
 F = Levels seen in this place.
 G = Mean time per level.
                   A        B        C        D        E       F      G
               +--------+--------+--------+--------+--------+-----+--------+
         Total |  12151 |  11700 |    451 |   1335 |   8013 |  15 |  810.1 |
       Dungeon |  11001 |  10592 |    409 |   1177 |   7353 |  11 | 1000.1 |
        Temple |    120 |     78 |     42 |      0 |     65 |   1 |  120.0 |
         Sewer |    381 |    381 |      0 |      0 |    315 |   1 |  381.0 |
        Bailey |    642 |    642 |      0 |    158 |    280 |   1 |  642.0 |
         Arena |      5 |      5 |      0 |      0 |      0 |   1 |    5.0 |
               +--------+--------+--------+--------+--------+-----+--------+

Top non-repeatable levels by time:
     D:7: 1546 daAuts
     D:9: 1460 daAuts
     D:2: 1261 daAuts
     D:1: 1237 daAuts
     D:8: 1088 daAuts
     D:3: 956 daAuts
     D:5: 924 daAuts
    D:10: 922 daAuts
     D:4: 795 daAuts
  Bailey: 642 daAuts
     D:6: 412 daAuts
    D:11: 395 daAuts
   Sewer: 381 daAuts
  Temple: 120 daAuts
   Arena: 5 daAuts
